 Dungeon Crawl Stone Soup version 0.32-a0-656-g3542139ebd (webtiles) character file.

Game seed: 10434065955512536632

1778 Malificent the Sneak (level 8, -1/64 (69) HPs)
             Began as a White Draconian Delver on Mar 8, 2024.
             Was a Believer of Makhleb.
             Slain by a wight
             ... wielding a +0 flail
              (8 damage)
             ... on level 6 of the Dungeon.
             The game lasted 00:20:09 (5113 turns).

Malificent the Sneak (White Draconian Delver)       Turns: 5113, Time: 00:20:10

HP:   -1/64 (69)    AC:  6    Str: 17    XL:     8   Next: 81%
MP:   8/8           EV:  9    Int: 10    God:    Makhleb [**....]
Gold: 78            SH: 11    Dex: 15    Spells: 7/7 levels left

rFire   + + .        b - +4 mace "Xaukeenynk" {speed, rC+ rCorr Str+2}
rCold   + + .        q - +0 tower shield
rNeg    . . .        (body armour unavailable)
rPois   .            (helmet restricted)
rElec   .            d - scarf {harm}
rCorr   +            (no gloves)
SInv    .            (no boots)
Will    .....        g - amulet of the acrobat
Stlth   +++          n - ring of protection from fire
HPRegen 0.30/turn    r - ring of protection from fire
MPRegen 0.11/turn

%: harm (+30% outgoing, +20% incoming), acrobat
@: mighty, flying, drained
A: glacial breath, AC +6, unfitting armour, cold resistance 1, cold-blooded,
antennae 1, big wings, mutation resistance 1
a: Glacial Breath, Renounce Religion, Minor Destruction


You were on level 6 of the Dungeon.
You worshipped Makhleb.
Makhleb was pleased with you.
You visited 1 branch of the dungeon, and saw 6 of its levels.
You also visited: Sewer.

You collected 309 gold pieces.
You spent 231 gold pieces at shops.

Inventory:

Hand Weapons
 a - a +0 hand axe of chaos
 b - the +4 mace "Xaukeenynk" (weapon) {speed, rC+ rCorr Str+2}
   (You took it off a kobold in a sewer)

   Str+2:     It affects your strength (+2).
   rC+:       It protects you from cold.
   rCorr:     It protects you from acid and corrosion.
Armour
 d - a scarf of harm (worn)
 q - a +0 tower shield (worn)
Jewellery
 g - an amulet of the acrobat (around neck)
 n - a ring of protection from fire (left hand)
 r - a ring of protection from fire (right hand)
 t - a ring of wizardry
Wands
 f - a wand of digging (3)
 i - a wand of iceblast (7)
Scrolls
 c - 3 scrolls of revelation
 h - 2 scrolls of teleportation
 l - 3 scrolls of enchant weapon
 m - a scroll of fog
 o - 2 scrolls of fear
 s - 2 scrolls of identify
 v - a scroll of immolation
Potions
 e - a potion of haste
 j - 5 potions of brilliance
 k - a potion of curing
 p - a potion of enlightenment


   Skills:
 + Level 5.4 Fighting
 + Level 4.5(5.7) Axes
 + Level 5.4(6.2) Maces & Flails
 + Level 4.2 Dodging
 + Level 6.2 Stealth
 + Level 0.2 Shields
 * Level 5.1 Evocations


You had 7 spell levels left.
You didn't know any spells.
Your spell library contained the following spells:

 Spells                   Type           Power      Damage    Failure   Level
 Volatile Blastmotes      Fire/Tloc      0%         2d10      100%        3
 Fulminant Prism          Conj/Alch      0%         3d5       100%        4
 Iskenderun's Mystic Bla  Conj/Tloc      0%         2d3       100%        4


Dungeon Overview and Level Annotations

Branches:
Dungeon (6/15)             Temple (0/1) D:5           Sewer (visited)

Altars:
Cheibriados

Shops:
D:5 ?*


Innate Abilities, Weirdness & Mutations

You can breathe waves of cold which freeze foes solid.
Your icy white scales are hard. (AC +6)
You cannot fit into any form of body armour.
Your flesh is cold resistant. (rC+)
You are cold-blooded and may be slowed by cold attacks.
You have a pair of small antennae on your head.
Your large and strong wings let you fly.
You are somewhat resistant to further mutation.


Message History

You feel better. You block the wight's attack. You block the wight's attack.
Things that are here:
a +0 great sword; a +0 robe You barely miss the wight.
The wight hits you with a +3 halberd of freezing.
You feel drained.
You sock the wight!
You destroy the wight!
Makhleb accepts your kill.
You feel better. The wight misses you.
Things that are here:
a +3 halberd of freezing; a +0 robe You closely miss the wight.
The wight hits you with a +0 flail.
You feel drained.
You hit the wight.
The wight is lightly damaged.
The wight hits you with a +0 flail.
You barely miss the wight.
Your tail-slap misses the wight.
The wight is lightly damaged.
The wight hits you with a +0 flail!
You feel drained.
You barely miss the wight.
The wight is lightly damaged.
The wight hits you with a +0 flail!
* * * LOW HITPOINT WARNING * * *
Things that are here:
a +0 great sword; a +0 robe
Okay, then.
You feel better. You block the wight's attack.
You feel very mighty all of a sudden. You block the wight's attack.
You closely miss the wight.
Your tail-slap misses the wight.
The wight is lightly damaged.
The wight hits you with a +0 flail!
* * * LOW HITPOINT WARNING * * *
You feel drained.
* * * LOW HITPOINT WARNING * * *
The wight hits you with a +0 flail!
You die...

..............# #.#
########..##.## #.#
#..##.#####.#
#..##.......#
########..########.#
..........# #.#
########.## #.#
#.#########.#
#......zz@..#
#############


You could see 2 wights.

Vanquished Creatures
  Grinder (Sewer)
  Eustachio (D:4)
  Duvessa (D:6)
  An ice beast (D:6)
  2 phantoms
  A kobold brigand (Sewer)
  A scorpion (D:6)
  2 wights (D:6)
  Dowan (D:6)
  A bombardier beetle (D:4)
  2 quasits (Sewer)
  3 hounds
  3 jellies
  A gnoll bouda (D:5)
  Crazy Yiuf (D:2)
  An orc priest (D:6)
  A sleepcap (D:4)
  3 iguanas
  3 orc wizards (D:4)
  8 adders
  6 gnolls
  4 shadow imps
  2 ufetubi (Sewer)
  3 ribbon worms
  3 dart slugs
  19 orcs
  4 endoplasms
  7 giant cockroaches
  8 goblins
  5 hobgoblins
  3 quokkas
  3 ball pythons
  8 bats
  3 frilled lizards
  22 kobolds
  3 rats
141 creatures vanquished.

Vanquished Creatures (others)
  A giant cockroach zombie (Sewer)
1 creature vanquished.

Grand Total: 142 creatures vanquished

Notes
Turn   | Place    | Note
-------+----------+-------------------------------------------
     0 | D:5      | Malificent the Draconian Delver began the quest for the
                  | Orb.
     0 | D:5      | Reached XP level 1. HP: 19/19 MP: 1/1
    77 | D:4      | Reached XP level 2. HP: 18/26 MP: 2/2
   118 | D:4      | Reached skill level 5 in Stealth
   118 | D:4      | Reached skill level 1 in Evocations
   118 | D:4      | Reached XP level 3. HP: 20/31 MP: 3/3
   154 | D:4      | Found a glowing drain.
   180 | Sewer    | Entered a sewer
   295 | Sewer    | Found a burning altar of Makhleb.
   306 | Sewer    | Reached XP level 4. HP: 37/39 MP: 4/4
   308 | Sewer    | Noticed Grinder
   330 | Sewer    | Killed Grinder
   331 | Sewer    | Reached XP level 5. HP: 14/46 MP: 5/5
   331 | Sewer    | Reached XP level 6. HP: 16/52 MP: 6/6
   513 | Sewer    | Identified the +4 mace "Xaukeenynk" {speed, rC+ rCorr
                  | Str+2}
   703 | Sewer    | Gained mutation: You are frail. (-10% HP) [potion of
                  | mutation]
   703 | Sewer    | Gained mutation: Your flesh is heat resistant. (rF+)
                  | [potion of mutation]
   704 | Sewer    | Lost mutation: You are frail. (-10% HP) [potion of
                  | mutation]
   704 | Sewer    | Lost mutation: Your flesh is heat resistant. (rF+) [potion
                  | of mutation]
   704 | Sewer    | Gained mutation: You occasionally lose the ability to read
                  | scrolls when taking damage. [potion of mutation]
   704 | Sewer    | Gained mutation: You are dopey. (Int -2) [potion of
                  | mutation]
   813 | Sewer    | Became a worshipper of Makhleb the Destroyer
   989 | D:4      | Your scales start taking on an icy white colour.
   989 | D:4      | Reached XP level 7. HP: 47/59 MP: 7/7
   989 | D:4      | Gained mutation: Your flesh is cold resistant. (rC+) [White
                  | Draconian growth]
  1043 | D:4      | Reached skill level 1 in Maces & Flails
  1051 | D:4      | Noticed Eustachio
  1053 | D:4      | Killed Eustachio
  1346 | D:4      | Reached * piety under Makhleb
  1764 | D:3      | Found a faded altar of an unknown god.
  2891 | D:2      | Found a snail-covered altar of Cheibriados.
  3086 | D:2      | Found a runed translucent door.
  3087 | D:2      | Noticed Crazy Yiuf
  3097 | D:2      | Killed Crazy Yiuf
  3329 | D:1      | Reached ** piety under Makhleb
  3620 | D:1      | Lost mutation: You are dopey. (Int -2) [potion of mutation]
  3620 | D:1      | Lost mutation: You occasionally lose the ability to read
                  | scrolls when taking damage. [potion of mutation]
  3620 | D:1      | Gained mutation: You are somewhat resistant to further
                  | mutation. [potion of mutation]
  3620 | D:1      | Gained mutation: You have a pair of small antennae on your
                  | head. [potion of mutation]
  3620 | D:1      | Gained mutation: Your large and strong wings let you fly.
                  | [potion of mutation]
  3861 | D:5      | Found Sukhlomn's Assorted Antiques.
  3868 | D:5      | Reached XP level 8. HP: 67/67 MP: 8/8
  3882 | D:5      | Bought a scroll labelled HIANERORUCU for 21 gold pieces
  3882 | D:5      | Bought a blackened copper wand for 84 gold pieces
  3983 | D:5      | Found a staircase to the Ecumenical Temple.
  4028 | D:5      | Found Binteno's Magic Scroll Shoppe.
  4054 | D:5      | Bought a scroll of identify for 22 gold pieces
  4054 | D:5      | Bought a scroll of identify for 22 gold pieces
  4054 | D:5      | Bought a scroll of revelation for 82 gold pieces
  4183 | D:5      | Reached skill level 5 in Fighting
  4558 | D:6      | Noticed Duvessa
  4561 | D:6      | Noticed Dowan
  4569 | D:6      | Killed Duvessa
  4570 | D:6      | Reached skill level 6 in Stealth
  4579 | D:6      | Killed Dowan
  4801 | D:6      | Reached skill level 5 in Evocations
  4832 | D:6      | Reached skill level 5 in Maces & Flails
  5113 | D:6      | Slain by a wight

Illustrated notes

Levels and vault maps discovered:
D:1:      spicycebolla_arrival_xxxplode, layout_rooms
D:2:      layout_rooms, basic_altar, kennysheep_generic_room_16,
          uniq_crazy_yiuf_cottage
D:3:      layout_basic, dreamdust_ecumenical_altar_statues, serial_corexii_hall,
          corexii_hall_statues_l, corexii_hall_statues_i
D:4:      layout_basic, gup_sewer_entry_pipe, nicolae_figureground_pulse,
          uniq_eustachio
D:5:      layout_basic, temple_green, serial_shops, nicolae_diamond_shop,
          nicolae_shop_statue_plus
D:6:      layout_loops_ring, kennysheep_nondescript, uniq_duvessa

Skill      XL: |  1  2  3  4  5  6  7  8 |
---------------+-------------------------+-----
Stealth        | 5 6 |  6.2
Evocations     | 1 2 3 4 5 |  5.1
Dodging        | 2 3 4 |  4.2
Fighting       | 4 5 |  5.4
Axes           | 3 4 |  4.5
Maces & Flails | 3 5 |  5.4
Shields        | |  0.2

Action                     |  1- 3 |  4- 6 |  7- 9 || total
---------------------------+-------+-------+-------++-------
  Melee: Hand axe          |    47 |    29 |       ||    76
         Tailslap          |     2 |     6 |    31 ||    39
         Mace              |       |    45 |   272 ||   317
  Evoke: Wand              |    13 |    14 |     2 ||    29
    Use: Scroll            |     2 |     2 |    10 ||    14
         Potion            |       |     6 |     3 ||     9
   Stab: Sleeping          |     1 |       |    22 ||    23
         Distracted        |       |     1 |       ||     1
 Armour: Skin              |    55 |    57 |   126 ||   238
  Dodge: Dodged            |    64 |    52 |   133 ||   249
  Block: Tower shield      |       |       |    12 ||    12

Table legend: (Time is in decaauts)
 A = Elapsed time spent in this place.
 B = Non-inter-level travel time spent in this place.
 C = Inter-level travel time spent in this place.
 D = Time resting spent in this place.
 E = Time spent auto-exploring this place.
 F = Levels seen in this place.
 G = Mean time per level.
                   A        B        C        D        E       F      G
               +--------+--------+--------+--------+--------+-----+--------+
         Total |   5097 |   4910 |    187 |    482 |   2944 |   7 |  728.1 |
       Dungeon |   4427 |   4240 |    187 |    254 |   2867 |   6 |  737.8 |
         Sewer |    669 |    669 |      0 |    228 |     76 |   1 |  669.0 |
               +--------+--------+--------+--------+--------+-----+--------+

Top non-repeatable levels by time:
     D:3: 1045 daAuts
     D:4: 1001 daAuts
     D:5: 693 daAuts
   Sewer: 669 daAuts
     D:6: 636 daAuts
     D:2: 623 daAuts
     D:1: 426 daAuts
